AoeStats
← DKing

African Clearing

510614594Analyzed
4v4 RM · 15h ago on Oct 1, 2026· 93m 19s· 8 players
Game mode
Random Map
Map size
Large (8 player)
Population
200
Speed
Normal
Resources
Standard
Victory
Conquest
Starting age
Dark Age
Ending age
Imperial Age
RankedLock teamsTeams togetherTeam positionsShared explorationLock speedFull tech treeHidden civsTurbo modeCheats
Victory
Defeat
🇵🇹 Mongols · Portugal
1201
+15
1168
+16
🇸🇰 Dravidians · Slovakia
1142
+17
🇪🇸 Huns · Spain
1122
+17
🇲🇽 Spanish · Mexico
1185
-17
🇵🇪 Slavs · Peru
1164
-16
🇭🇰 Saxons · Hong Kong SAR China
1163
-16
🇧🇷 Franks · Brazil
1153
-16
变态
6:11 Loom
14:07 Feudal Age
19:35 Castle Age
17:48 Double-Bit Axe
17:59 Horse Collar
20:44 Wheelbarrow
20:27 Bow Saw
20:41 Heavy Plow
21:52 Hand Cart
30:01 Stone Mining
34:42 Imperial Age
32:20 Detinets
32:33 Gold Mining
33:54 Scale Barding Armor
34:00 Forging
35:07 Gold Shaft Mining
35:24 Chain Barding Armor
34:47 Elite Boyar
36:17 Conscription
36:04 Husbandry
36:15 Bloodlines
37:22 Plate Barding Armor
37:23 Iron Casting
37:08 Town Watch
39:05 Blast Furnace
40:15 Coinage
40:57 Siege Engineers
41:53 Chemistry
47:25 Two-Man Saw
46:56 Crop Rotation
58:41 Banking
58:35 Man-at-Arms
59:17 Scale Mail Armor
59:44 Masonry
59:20 Long Swordsman
60:16 Chain Mail Armor
60:09 Two-Handed Swordsman
60:52 Champion
62:06 Plate Mail Armor
64:37 Caravan
72:48 Ballistics
76:50 Fortified Wall
79:10 Town Patrol
KINGUARDIANS
9:26 Loom
14:41 Feudal Age
18:42 Castle Age
16:52 Double-Bit Axe
17:37 Horse Collar
17:55 Gold Mining
21:49 Padded Archer Armor
21:41 Town Watch
25:10 Stone Mining
30:51 Wheelbarrow
TheLawRøcK®
14:45 Feudal Age
23:38 Castle Age
29:12 Pikeman
30:53 Fletching
35:12 Wheelbarrow
39:46 Hand Cart
44:41 Loom
51:19 Squires
53:10 Scale Mail Armor
54:46 Chain Mail Armor
55:26 Forging
56:57 Iron Casting
57:18 Bodkin Arrow
61:00 Imperial Age
61:21 Halberdier
61:48 Arson
62:10 Capped Ram
64:11 Blast Furnace
63:42 Plate Mail Armor
73:51 Scale Barding Armor
73:40 Cavalier
74:21 Husbandry
74:27 Husbandry
75:43 Paladin
89:01 Light Cavalry
Futou Juhan
8:49 Loom
15:26 Feudal Age
16:17 Double-Bit Axe
19:21 Castle Age
20:14 Bow Saw
20:58 Horse Collar
23:28 Fletching
25:26 Pikeman
27:34 Wheelbarrow
29:11 Bodkin Arrow
31:01 Padded Archer Armor
30:24 Elite Skirmisher
33:41 Ballistics
34:10 Thumb Ring
36:46 Imperial Age
34:34 Hand Cart
35:55 Leather Archer Armor
37:58 Bracer
40:30 Chemistry
40:04 Ring Archer Armor
40:32 Conscription
41:01 Shield Wall
42:27 Elite Varangian Guard
43:51 Halberdier
45:18 Squires
45:44 Forging
45:35 Scale Mail Armor
47:22 Hoardings
46:47 Gold Mining
46:48 Stone Mining
48:00 Iron Casting
48:49 Chain Mail Armor
51:17 Arson
53:19 Gold Shaft Mining
52:32 Gambesons
56:31 Elite Hearth Troop
59:05 Town Watch
60:18 Plate Mail Armor
72:39 Caravan
79:26 Two-Man Saw
89:07 Treadmill Crane
89:21 Guard Tower
Thorin Escudo de Roble
3:40 Loom
12:29 Feudal Age
23:20 Castle Age
23:14 Double-Bit Axe
23:10 Horse Collar
24:24 Wheelbarrow
31:00 Imperial Age
28:47 Bow Saw
28:39 Heavy Plow
29:39 Scale Barding Armor
29:45 Forging
29:55 Husbandry
32:42 Hand Cart
35:37 Chain Barding Armor
35:52 Iron Casting
36:48 Bloodlines
37:31 Crop Rotation
39:08 Plate Barding Armor
39:34 Blast Furnace
38:50 Elite Monaspa
44:25 Town Watch
44:58 Aznauri Cavalry
52:19 Chemistry
51:16 Murder Holes
51:13 Fletching
53:12 Svan Towers
54:42 Guard Tower
56:59 Padded Archer Armor
56:55 Bodkin Arrow
62:55 Leather Archer Armor
64:16 Elite Skirmisher
65:32 Light Cavalry
67:12 Bracer
66:43 Hussar
Kebab do ruky
11:07 Loom
15:21 Feudal Age
20:00 Castle Age
19:44 Double-Bit Axe
21:22 Pikeman
23:46 Wheelbarrow
27:35 Town Watch
28:34 Horse Collar
31:34 Bow Saw
34:13 Imperial Age
33:30 Fletching
33:41 Padded Archer Armor
34:05 Ballistics
35:08 Hand Cart
37:22 Two-Man Saw
36:57 Bodkin Arrow
37:18 Leather Archer Armor
38:01 Heavy Plow
38:13 Husbandry
39:07 Town Patrol
39:31 Thumb Ring
39:29 Bracer
39:57 Siege Elephant
41:34 Halberdier
42:18 Heavy Scorpion
43:35 Conscription
43:21 Medical Corps
44:32 Scale Mail Armor
44:43 Forging
44:59 Wootz Steel
46:24 Chain Mail Armor
48:08 Squires
47:53 Arson
48:46 Plate Mail Armor
48:52 Iron Casting
49:20 Ring Archer Armor
53:36 Blast Furnace
53:41 Chemistry
55:37 Scale Barding Armor
61:22 Elite Urumi Swordsman
63:35 Man-at-Arms
64:01 Gambesons
64:45 Long Swordsman
65:59 Two-Handed Swordsman
66:45 Champion
93:12 Caravan
SamJ
7:35 Loom
15:10 Feudal Age
16:37 Double-Bit Axe
16:34 Horse Collar
19:21 Castle Age
23:09 Wheelbarrow
28:09 Bow Saw
29:08 Ballistics
28:41 Fletching
29:21 Hand Cart
29:49 Bodkin Arrow
32:44 Imperial Age
31:03 Bodkin Arrow
31:29 Gold Mining
33:23 Thumb Ring
34:06 Parthian Tactics
34:23 Heavy Cavalry Archer
35:50 Bracer
38:59 Scale Barding Armor
39:05 Forging
40:13 Marauders
40:37 Conscription
39:39 Elite Tarkan
41:35 Capped Ram
55:18 Bloodlines
76:13 Light Cavalry
77:16 Chain Barding Armor
77:32 Iron Casting
77:30 Hussar
78:11 Husbandry
78:48 Plate Barding Armor
82:01 Blast Furnace
DKing
5:46 Loom
14:06 Feudal Age
18:17 Castle Age
16:17 Double-Bit Axe
24:02 Fletching
27:11 Bodkin Arrow
27:30 Padded Archer Armor
29:22 Horse Collar
30:47 Wheelbarrow
31:22 Leather Archer Armor
34:31 Town Watch
38:57 Imperial Age
37:25 Hand Cart
41:21 Imperial Age
39:11 Bow Saw
39:02 Heavy Plow
40:18 Scale Barding Armor
42:25 Conscription
43:43 Forging
45:11 Heavy Camel Rider
45:52 Husbandry
46:02 Bloodlines
47:47 Gold Mining
51:32 Chemistry
51:58 Ballistics
52:21 Light Cavalry
52:33 Capped Ram
54:39 Gold Shaft Mining
54:59 Siege Ram
58:46 Drill
59:01 Hoardings
58:39 Elite Skirmisher
60:23 Siege Engineers
60:50 Hussar
61:59 Bracer
62:20 Chain Barding Armor
62:01 Scale Mail Armor
62:24 Caravan
63:07 Murder Holes
67:48 Chain Mail Armor
70:13 Stone Mining
71:44 Iron Casting
75:00 Blast Furnace
75:08 Fortified Wall
75:09 Masonry
76:20 Elite Mangudai
79:35 Plate Mail Armor
78:26 Pikeman
79:06 Squires
Connection lost

Rejoining the realm…

Still unreachable

The connection could not be restored.

Session expired

The server has moved on; the page needs a fresh start.